Map: Triton LE

Players

Legandir

  • Race: Terran Terran
  • League: Platinum
  • Spawn Location: 5:00

Jurvitz - Winner!

  • Race: Terran Terran
  • League: Silver
  • Spawn Location: 11:00

VOD

Have the link to the VOD?

Description

Time

  • Played on: Aug. 24, 2019, 4:06 a.m.
  • Length: 6:33
Show
View Real Time Build Order
Export as new Build Order

Legandir Terran 

Build Orders:  

Get SALT Encoding   

  12  0:01  SCV  
  13  0:13  SCV  
  14  0:18  Supply Depot  
  14  0:25  SCV  
  15  0:39  SCV  
  15  0:41  Barracks  
  16  0:45  Refinery  
  16  0:51  SCV  
  17  1:03  SCV  
  18  1:16  SCV  
  19  1:29  Orbital Command  
  19  1:35  Marine  
  20  1:44  Command Center  
  20  1:56  SCV  
  20  1:58  Supply Depot, Barracks Tech Lab  
  21  2:09  SCV  
  22  2:21  SCV  
  22  2:22  Marine, Bunker  
  23  2:31  Supply Depot  
  23  2:33  SCV  
  24  2:45  SCV  
  24  2:46  Marine  
  26  2:57  SCV, Refinery  
  27  3:01  Factory  
  27  3:03  Marine  
  29  3:08  Orbital Command  
  29  3:12  SCV  
  29  3:23  Marine  
  29  3:24  SCV  
  26  3:36  SCV x2  
  18  4:01  Marine  
  18  4:13  SCV x2  
  19  4:33  Bunker  
  19  4:34  SCV x2  
  19  4:37  Marine  
  18  4:46  SCV  
  18  4:54  Marine  
  19  5:04  Widow Mine  
  21  5:12  Bunker  
  21  5:16  Orbital Command  
  21  5:19  Supply Depot  
  21  5:20  Supply Depot  
  20  5:35  SCV  
Show
View Real Time Build Order
Export as new Build Order

Jurvitz Terran - Winner!

Build Orders:  

Get SALT Encoding   

  12  0:02  SCV  
  13  0:14  SCV  
  13  0:19  Supply Depot  
  14  0:26  SCV  
  15  0:40  SCV  
  16  0:43  Barracks  
  16  0:45  Refinery  
  16  0:55  SCV  
  17  1:08  SCV  
  18  1:19  Supply Depot  
  18  1:20  SCV  
  19  1:32  SCV, Reaper  
  21  1:34  Barracks  
  21  1:39  Refinery  
  21  1:46  Barracks  
  21  1:49  SCV  
  22  2:01  SCV  
  23  2:19  Reaper  
  23  2:22  Reaper  
  25  2:33  Reaper  
  26  2:43  Command Center  
  26  2:58  Reaper x2  
  28  3:00  SCV  
  28  3:05  Reaper  
  30  3:13  Orbital Command  
  30  3:30  Reaper  
  31  3:55  Reaper x2  
  33  4:02  Reaper  
  32  4:27  Reaper x2  
  33  4:34  Reaper  
  34  4:41  SCV  
  35  4:46  SCV  
  36  4:53  SCV  
  36  4:58  SCV  
  36  4:59  Reaper x2  
  40  5:05  SCV  
  40  5:06  Reaper  
  42  5:10  SCV  
  43  5:17  SCV  
  44  5:22  SCV  
  45  5:29  SCV  
  46  5:38  Supply Depot  
  46  5:40  Supply Depot  
  46  5:49  Factory  
  46  5:54  Factory  
  46  6:00  SCV x2, Reaper x3  
  48  6:12  SCV x2  
Tags
 
Matchup
TvT
Race
Terran
Spawn Locations
Cross Positions
Add a new tag
Caveats
  • Supply blocks, unpowered buildings, or Contaminate may cause inaccurate times.
  • Supply counts are checked every 10 seconds.